AoeStats
← Axolot

Hill Fort

506567747Analyzed
4v4 RM · 17d ago on Sep 14, 2026· 14m 9s· 8 players
Game mode
Random Map
Map size
Large (8 player)
Population
200
Speed
Normal
Resources
Standard
Victory
Conquest
Starting age
Dark Age
Ending age
Imperial Age
RankedLock teamsTeams togetherTeam positionsShared explorationLock speedFull tech treeHidden civsTurbo modeCheats
Victory
Defeat
🇨🇱 Bulgarians · Chile
1549
+10
🇦🇷 Vikings · Argentina
1543
+10
🇦🇷 Ethiopians · Argentina
1498
+12
🇦🇷 Dravidians · Argentina
1417
+15
🇺🇸 Magyars · United States
1426
-13
🇦🇺 Turks · Australia
1422
-12
🇨🇳 Khmer · China
1392
-11
🇺🇸 Celts · United States
1388
-11
D哥
3:09 Loom
8:50 Feudal Age
9:55 Double-Bit Axe
11:12 Bloodlines
Dionysus
10:59 Feudal Age
9:39 Loom
14:56 Castle Age
13:23 Double-Bit Axe
SpawnShark
8:54 Loom
10:40 Feudal Age
12:16 Double-Bit Axe
SeaPig
9:59 Feudal Age
8:18 Loom
14:35 Wheelbarrow
Axolot
12:30 Feudal Age
16:14 Castle Age
[CL] El Sin Manos
10:08 Feudal Age
15:29 Castle Age
13:28 Double-Bit Axe
13:27 Horse Collar
14:33 Double-Bit Axe
[VA] Tano_Pacman
10:31 Feudal Age
14:26 Castle Age
12:53 Double-Bit Axe
[VA] PabloB
7:55 Loom
9:40 Feudal Age
15:25 Castle Age
13:40 Double-Bit Axe
Connection lost

Rejoining the realm…

Still unreachable

The connection could not be restored.

Session expired

The server has moved on; the page needs a fresh start.